 Dungeon Crawl Stone Soup version 0.23.1 (webtiles) character file.

Game seed: 14635662225838867486

536 Chiseanne the Skirmisher (level 7, -2/63 HPs)
             Began as a Minotaur Monk on Mar 5, 2019.
             Was a Believer of Makhleb.
             Slain by a wight
             ... wielding a +5 flail of freezing
              (12 damage)
             ... on level 1 of the Dungeon.
             The game lasted 00:05:14 (2466 turns).

Chiseanne the Skirmisher (Minotaur Monk)            Turns: 2466, Time: 00:05:15

Health: -2/63      AC:  8    Str: 15    XL:     7   Next: 4%
Magic:  8/8        EV:  7    Int:  7    God:    Makhleb [**....]
Gold:   128        SH:  0    Dex: 15    Spells: 6/6 levels left

rFire    . . .     SeeInvis .   a - +0 hand axe
rCold    . . .     Gourm    .   (no shield)
rNeg     . . .     Faith    .   l - +0 chain mail
rPois    .         Spirit   .   (helmet restricted)
rElec    .         Reflect  .   (no cloak)
rCorr    .         Harm     .   (no gloves)
MR       .....                  (no boots)
Stlth    ..........             k - amulet of inaccuracy (curse)
HPRegen  0.20/turn              n - ring of attention (curse)
MPRegen  0.11/turn              (no ring)

@: heavily drained
A: retaliatory headbutt, horns 2
a: Minor Destruction, Renounce Religion


You were on level 1 of the Dungeon.
You worshipped Makhleb.
Makhleb was pleased with you.
You were not hungry.

You visited 1 branch of the dungeon, and saw 3 of its levels.

You collected 128 gold pieces.

Inventory:

Hand Weapons
 a - a +0 hand axe (weapon)
 f - a +2 hunting sling of velocity
 p - a +0 battleaxe
Missiles
 h - 50 arrows
 i - 88 stones (quivered)
Armour
 l - a +0 chain mail (worn)
Jewellery
 k - a cursed amulet of inaccuracy (around neck)
 n - a cursed ring of attention (left hand)
Comestibles
 c - 2 rations


   Skills:
 * Level 6.2(3.9) Fighting
 - Level 4.2(2.0) Axes
 * Level 4.6(2.4) Armour
 - Level 3.7(1.6) Dodging
 - Level 1.5(0.0) Stealth
 * Level 3.5(1.4) Invocations


You had 6 spell levels left.
You didn't know any spells.
Your spell library was empty.

Dungeon Overview and Level Annotations

Branches:
Dungeon (3/15)

Altars:
Dithmenos
Makhleb
Sif Muna

Annotations:
D:3 Ijyb, Sigmund


Innate Abilities, Weirdness & Mutations

You reflexively headbutt those who attack you in melee.
You have a pair of horns on your head.


Message History

* * * LOW HITPOINT WARNING * * *
Sigmund hits you but does no damage.
You climb upwards.
There is a stone staircase leading down, spattered with blood here.
You aren't carrying any scrolls.
Unknown command.
There is a stone staircase leading up here.
The wight closely misses you.
You climb upwards.
There is a stone staircase leading down here.
You barely miss the wight. You headbutt the wight!
The wight is heavily damaged.
The wight hits you with a +5 flail of freezing.
* * * LOW HITPOINT WARNING * * *
The wight freezes you.
* * * LOW HITPOINT WARNING * * *
You hit the wight but do no damage.
The wight is heavily damaged.
The wight hits you with a +5 flail of freezing!
You die...

######### #.......#
#.#####.#
###############.# #.#
#######...............#
###.####
#..........####z#######
#....... #.#.########
#@# #.#.#### #.#.# #.#
#.#..... #.#.# #.#
#.#####.
##...###########.# #.#
#. .................#
#.# #.
##.############..# #.#
#. #.##
#####..#########.# #.
#..#
#................#####.
#..#
#.###..#.#.####........


You could see a wight.

Vanquished Creatures
  Grinder (D:3)
  3 wights
  A hound (D:2)
  Natasha (thrice) (D:2)
  A hound zombie (D:3)
  6 adders
  3 worms (D:2)
  A dart slug (D:2)
  3 leopard geckos
  An orc (D:3)
  3 giant cockroaches (D:2)
  5 goblins
  6 hobgoblins
  3 bats
  5 frilled lizards
  3 kobolds
  5 rats
53 creatures vanquished.

Notes
Turn   | Place    | Note
-------+----------+-------------------------------------------
     0 | D:1      | Chiseanne the Minotaur Monk began the quest for the Orb.
     0 | D:1      | Reached XP level 1. HP: 19/19 MP: 0/0
   534 | D:2      | Reached XP level 2. HP: 17/27 MP: 1/1
   547 | D:2      | Found a burning altar of Makhleb.
   564 | D:2      | Reached skill level 4 in Fighting
   564 | D:2      | Reached skill level 1 in Armour
   564 | D:2      | Reached XP level 3. HP: 14/33 MP: 2/2
   769 | D:2      | Became a worshipper of Makhleb the Destroyer
   769 | D:2      | Reached * piety under Makhleb
   769 | D:2      | Reached ** piety under Makhleb
   783 | D:2      | Noticed Natasha
   794 | D:2      | Killed Natasha
   794 | D:2      | Reached XP level 4. HP: 28/41 MP: 3/3
   983 | D:2      | Found a deep blue altar of Sif Muna.
  1003 | D:2      | Reached skill level 1 in Invocations
  1005 | D:2      | Noticed Natasha
  1018 | D:2      | Killed Natasha
  1172 | D:2      | Found a shadowy altar of Dithmenos.
  1416 | D:2      | Noticed Natasha
  1424 | D:2      | Killed Natasha
  1424 | D:2      | Reached skill level 5 in Fighting
  1424 | D:2      | Reached XP level 5. HP: 45/48 MP: 5/5
  1611 | D:3      | Noticed Grinder
  1633 | D:2      | HP: 1/48 [wight/+0 battleaxe (5)]
  1769 | D:3      | Paralysed by Grinder for 7 turns
  1938 | D:3      | Paralysed by Grinder for 3 turns
  1950 | D:3      | Paralysed by Grinder for 2 turns
  1959 | D:3      | Paralysed by Grinder for 6 turns
  1971 | D:3      | Paralysed by Grinder for 3 turns
  1973 | D:3      | HP: 3/72 [Grinder (6)]
  1976 | D:3      | Killed Grinder
  1976 | D:3      | Reached XP level 6. HP: 11/57 MP: 5/7
  2262 | D:3      | Reached skill level 6 in Fighting
  2302 | D:3      | Noticed Ijyb
  2306 | D:3      | Reached XP level 7. HP: 63/63 MP: 8/8
  2312 | D:3      | Noticed Sigmund
  2466 | D:1      | Slain by a wight

Skill      XL: |  1  2  3  4  5  6 |
---------------+-------------------+-----
Fighting       | 4 5 6 |  6.2
Axes           | 4 |  4.2
Armour         | 1 2 4 |  4.6
Invocations    | 1 3 |  3.5
Dodging        | |  3.7
Stealth        | |  1.5

Action                   |  1- 3 |  4- 6 |  7- 9 || total
-------------------------+-------+-------+-------++-------
Melee: Hand axe          |    53 |   204 |    16 ||   273
       Headbutt          |     7 |    33 |     3 ||    43
 Fire: Hunting sling     |       |     1 |       ||     1
Invok: Minor Destruction |       |     1 |       ||     1
  Use: Scroll            |     2 |     3 |       ||     5
       Potion            |       |     7 |       ||     7
  Eat: Chunk             |       |     3 |       ||     3
       Ration            |       |       |     1 ||     1
Armor: Chain mail        |    28 |   135 |    10 ||   173
       Robe              |     2 |       |       ||     2
       Skin              |       |     1 |       ||     1
Dodge: Dodged            |    25 |    96 |     9 ||   130
